 Dungeon Crawl Stone Soup version 0.22-a0-93-g6b88ebb (webtiles) character file.

478 AkLexia the Bolt Thrower (level 7, -9/59 HPs)
             Began as a Hill Orc Hunter on Jan 24, 2018.
             Was an Initiate of Beogh.
             Killed by nerve-wracking pain
             ... invoked by an orc priest
              (15 damage)
             ... on level 4 of the Dungeon.
             The game lasted 00:16:13 (2958 turns).

AkLexia the Bolt Thrower (Hill Orc Hunter)          Turns: 2958, Time: 00:16:15

Health: -9/59      AC:  6    Str: 15    XL:     7   Next: 11%
Magic:  7/7        EV: 11    Int: 11    God:    Beogh [......]
Gold:   130        SH:  0    Dex: 13    Spells: 6/6 levels left

rFire    . . .     SeeInvis .   a - +1 hand crossbow
rCold    . . .     Gourm    .   (no shield)
rNeg     . . .     Faith    .   k - +0 ring mail
rPois    .         Spirit   .   (no helmet)
rElec    .         Reflect  .   t - +0 cloak
rCorr    .         Harm     +   (no gloves)
MR       .....                  (no boots)
Stlth    +.........             g - amulet of harm
HPRegen  0.19/turn              o - ring of flight
MPRegen  0.10/turn              (no ring)

@: no status effects
A: no striking features
a: Renounce Religion, Evoke Flight


You were on level 4 of the Dungeon.
You worshipped Beogh.
Beogh was noncommittal.
You were not hungry.

You visited 1 branch of the dungeon, and saw 4 of its levels.

You collected 130 gold pieces.

Inventory:

Hand Weapons
 a - a +1 hand crossbow (weapon)
 b - a +0 short sword
 v - a +0 trident of flaming
Missiles
 d - 49 bolts (quivered)
Armour
 k - a +0 ring mail (worn)
 t - a +0 cloak (worn)
 w - a +0 chain mail
Jewellery
 g - an amulet of harm (around neck)
 l - an uncursed ring of magical power {unknown}
 o - a ring of flight (left hand)
Scrolls
 c - 3 scrolls of identify
 j - 2 scrolls of immolation {unknown}
 n - 2 scrolls of magic mapping {unknown}
 p - 2 scrolls of remove curse {unknown}
 s - a scroll of teleportation {unknown}
 x - a scroll of amnesia {unknown}
 y - a scroll of noise {unknown}
Potions
 e - 3 potions of brilliance {unknown}
 h - 2 potions of curing {unknown}
 i - a potion of haste {unknown}
 m - a potion of degeneration {unknown}
 q - a potion of might {unknown}
 r - 3 potions of lignification {unknown}
 u - a potion of magic {unknown}
 z - a potion of cancellation {unknown}
Comestibles
 f - 4 rations
 A - 5 chunks of flesh


   Skills:
 + Level 4.2 Fighting
 * Level 5.3 Crossbows
 + Level 2.6 Armour
 + Level 2.8 Dodging
 + Level 2.6 Stealth


You had 6 spell levels left.
You didn't know any spells.

Dungeon Overview and Level Annotations

Branches:
Dungeon (4/15)
 Temple: D:4-7

Altars:


Message History

You hear an angry hiss.
You are too injured to fight recklessly!
The orc priest miscasts a cantrip.
The orc priest mumbles some strange prayers to Beogh against you.
Beogh smites you!
* * * LOW HITPOINT WARNING * * *
Okay, then.
Okay, then.
You are too injured to fight recklessly!
Firing (i - inventory):
d - 50 bolts (quivered)
Press: ? - help, Shift-Dir - straight line, f/p - ogre
Aim: an ogre, wielding a giant club (almost dead)
You shoot a bolt. The bolt hits the ogre!
You kill the ogre!
Beogh accepts your kill.
You have reached level 7!
The orc priest mumbles some strange prayers to Beogh against you.
Pain shoots through your body!
You die...
Beogh appreciates the orc priest's killing of a heretic priest.

#..######.
#.........
##.##.#### #.##.#
#.##.#
#.##.######.
#...........
##########........
#.o(...@.....#####
#.########.......
#.# #...#### #.#
##### ##### #.#
....######o#
###....o...#
##########


You could see an orc priest.

Vanquished Creatures
  The ghost of KristoblXynda the Ruffian, an amateur DrGl (D:3)
  A phantom (D:4)
  An ogre (D:4)
  3 adders
  3 gnolls (D:4)
  An ooze (D:4)
  2 worms
  5 dart slugs
  4 leopard geckos
  2 orcs (D:3)
  9 bats
  5 giant cockroaches
  11 hobgoblins
  4 jackals (D:1)
  13 kobolds
  2 quokkas (D:2)
  A ball python (D:2)
  5 frilled lizards
  13 goblins
  6 rats
92 creatures vanquished.

Vanquished Creatures (others)
  A goblin (D:3)
  A rat (D:3)
2 creatures vanquished.

Grand Total: 94 creatures vanquished

Notes
Turn   | Place    | Note
-------+----------+-------------------------------------------
     0 | D:1      | AkLexia the Hill Orc Hunter began the quest for the Orb.
     0 | D:1      | Reached XP level 1. HP: 18/18 MP: 1/1
    83 | D:1      | Reached skill level 1 in Stealth
    84 | D:1      | Reached XP level 2. HP: 25/25 MP: 2/2
   239 | D:1      | Reached XP level 3. HP: 30/30 MP: 3/3
   349 | D:1      | Reached skill level 4 in Crossbows
   905 | D:2      | Reached XP level 4. HP: 38/38 MP: 4/4
   911 | D:2      | Reached skill level 1 in Armour
  1542 | D:3      | Became a worshipper of Beogh the Brigand
  1546 | D:3      | Noticed KristoblXynda's ghost (amateur DrGl)
  1957 | D:2      | Reached XP level 5. HP: 27/45 MP: 5/5
  2446 | D:3      | Killed KristoblXynda's ghost
  2446 | D:3      | Reached XP level 6. HP: 45/52 MP: 6/6
  2805 | D:4      | Noticed a phantom
  2821 | D:4      | Killed a phantom
  2821 | D:4      | Reached skill level 5 in Crossbows
  2956 | D:4      | Reached XP level 7. HP: 6/59 MP: 7/7
  2958 | D:4      | Killed from afar by an orc priest

Vault maps used:
D:1:      lemuel_arrival_tunnels, minmay_cupped
D:2:      roderic_lattice_a
D:3:      st_stairs_9, corexii_leaking_fountain
D:4:      kennysheep_opposing_triangles

Skill      XL: |  1  2  3  4  5  6 |
---------------+-------------------+-----
Stealth        | 1 2 |  2.6
Crossbows      | 4 5 |  5.3
Dodging        | 2 |  2.8
Fighting       | 3 4 |  4.2
Armour         | 1 2 |  2.6

Action                   |  1- 3 |  4- 6 |  7- 9 || total
-------------------------+-------+-------+-------++-------
Melee: Trident           |       |    29 |       ||    29
 Fire: Hand crossbow     |   102 |   124 |       ||   226
Invok: Convert to Beogh  |       |     1 |       ||     1
 Abil: Evoke Flight      |       |     1 |       ||     1
  Use: Scroll            |     1 |       |       ||     1
       Potion            |       |     1 |       ||     1
  Eat: Chunk             |       |     6 |       ||     6
Armor: Leather armour    |     2 |       |       ||     2
       Ring mail         |    17 |    31 |       ||    48
Dodge: Dodged            |    33 |    64 |       ||    97

Table legend:
 A = Spawn XP
 B = Non-spawn XP
 C = Spawn XP percentage of total XP
 D = Spawn monster count
 E = Non-spawn monster count
 F = Spawn count percentage of total count
 G = Total turns spent on level
                    A         B        C        D         E        F      G
               +---------+---------+-------+---------+---------+-------+---------
         Total |       0 |     684 |   0.0 |       0 |      92 |   0.0 |  2958
               +---------+---------+-------+---------+---------+-------+---------
           D:1 |       0 |      68 |   0.0 |       0 |      37 |   0.0 |   771
           D:2 |       0 |      78 |   0.0 |       0 |      29 |   0.0 |  1423
           D:3 |       0 |     219 |   0.0 |       0 |      17 |   0.0 |   512
           D:4 |       0 |     319 |   0.0 |       0 |       9 |   0.0 |   252
               +---------+---------+-------+---------+---------+-------+---------
